 Dungeon Crawl Stone Soup version 0.22-a0-292-g0df9d5f (webtiles) character file.

499 mhoghedin the Grappler (level 7, -2/55 HPs)
             Began as a Ghoul Gladiator on Mar 23, 2018.
             Slain by an orc
             ... wielding a +0 trident
              (4 damage)
             ... on level 4 of the Dungeon.
             The game lasted 00:04:59 (3008 turns).

mhoghedin the Grappler (Ghoul Gladiator)            Turns: 3008, Time: 00:04:59

Health: -2/55      AC:  5    Str: 19 (20) XL:     7   Next: 16%
Magic:  6/6        EV: 12    Int:  4 (5)  God:
Gold:   219        SH:  0    Dex:  9 (10) Spells: 6/6 levels left

rFire    . . .     SeeInvis +     - Unarmed
rCold    + . .     Gourm    .   (no shield)
rNeg     + + +     Faith    .   a - +0 leather armour
rPois    ∞         Spirit   .   b - +1 helmet
rElec    .         Reflect  .   (no cloak)
rCorr    .         Harm     .   (no gloves)
MR       .....                  (no boots)
Stlth    +.........             (no amulet)
HPRegen  0.00/turn              j - +2 ring of intelligence
MPRegen  0.10/turn              i - ring of see invisible {sInv, !d}

@: rotting
A: rotting body, claws 1, carnivore, cold resistance 1, negative energy
resistance 3, inhibited regeneration, torment resistance, unbreathing
a: no special abilities


You were on level 4 of the Dungeon.
You were not hungry.

You visited 1 branch of the dungeon, and saw 4 of its levels.

You collected 219 gold pieces.

Inventory:

Missiles
 c - 3 throwing nets {=f, !d}
Armour
 a - a +0 leather armour (worn)
 b - a +1 helmet (worn)
Magical Staves
 q - an uncursed staff of cold {rC+}
   (You found it on level 4 of the Dungeon)
Jewellery
 i - a ring of see invisible (right claw) {sInv, !d}
   (You found it on level 1 of the Dungeon)
 j - a +2 ring of intelligence (left claw)
   (You found it on level 2 of the Dungeon)
Wands
 n - a wand of paralysis (20)
   (You found it on level 3 of the Dungeon)
Scrolls
 g - a scroll of enchant armour
 h - 4 scrolls of enchant weapon
 k - a scroll of immolation {!r}
Potions
 w - a potion of lignification
Comestibles
 d - 14 rations


   Skills:
 - Level 2.1 Fighting
 - Level 1.7 Throwing
 - Level 2.6 Dodging
 + Level 8.7 Unarmed Combat


You had 6 spell levels left.
You didn't know any spells.

Dungeon Overview and Level Annotations

Branches:
Dungeon (4/15)
 Temple: D:4-7

Altars:


Innate Abilities, Weirdness & Mutations

Your body is rotting away.
You thrive on raw meat.
You are immune to poison.
You have sharp fingernails.
You are carnivorous and can eat meat at any time.
Your flesh is cold resistant. (rC+)
You are immune to negative energy. (rN+++)
You do not regenerate when monsters are visible.
You are immune to unholy pain and torment.
You can survive without breathing.


Message History

The orc hits you but does no damage.
The orc wizard hits you but does no damage.
The orc misses you.
The goblin shouts!
A hobgoblin comes into view. It is wielding a club.
You take 1 damage, and have 28/55 hp.
You hear a shout! x2
The goblin misses you. The orc priest misses you.
There is an open door here.
You scratch the orc priest. The goblin closely misses you.
The orc priest looks braver for a moment.
The orc hits you with a short sword.
Robin roars a battlecry!
The goblins go into a battle-frenzy!
You hear a shout!
You take 2 damage, and have 26/55 hp.
You claw the orc priest!
You kill the orc priest!
The goblin hits you. The orc hits you with a short sword.
You take 7 damage, and have 19/55 hp.
You see here a club.
Eat a chunk of flesh {@w0}? (ye/n/q)
You eat the chunk of flesh {@w0}.
This raw flesh tastes great!
The goblin hits you.
You regained 5 hp, and now have 24/55 hp.
The goblin hits you but does no damage.
There is a large open door here.
The goblin no longer looks unusually strong.
The hobgoblin no longer looks unusually strong.
The goblin no longer looks unusually strong.
Okay, then.
Unknown command.
Unknown command.
You are too injured to fight recklessly!
You are too injured to fight recklessly!
You are too injured to fight recklessly!
You barely miss the goblin. The goblin closely misses you.
You closely miss the goblin. The goblin hits you but does no damage.
You closely miss the goblin. The hobgoblin closely misses you.
The goblin hits you but does no damage.
Okay, then.
Unknown command.
You claw the goblin!
You kill the goblin!
The hobgoblin barely misses you.
You scratch the orc. The hobgoblin closely misses you.
The orc hits you with a short sword.
Robin roars a battlecry!
The goblins go into a battle-frenzy!
You hear a shout! x2
You take 5 damage, and have 19/55 hp.
As you read the scroll of identify, it crumbles to dust.
q - an uncursed staff of cold The hobgoblin hits you but does no damage.
The orc hits you with a short sword.
* * * LOW HITPOINT WARNING * * *
The orc wizard mumbles some strange words.
The orc wizard flickers and vanishes for a moment.
You take 5 damage, and have 14/55 hp.
You closely miss the hobgoblin. The orc hits you with a short sword.
* * * LOW HITPOINT WARNING * * *
The hobgoblin hits you.
* * * LOW HITPOINT WARNING * * *
You take 4 damage, and have 10/55 hp.
You claw the hobgoblin!
You kill the hobgoblin!
The orc misses you. The orc closely misses you.
You claw the orc!
You kill the orc!
The goblin hits you.
* * * LOW HITPOINT WARNING * * *
The orc completely misses you.
You take 2 damage, and have 8/55 hp.
You barely miss the goblin. The goblin barely misses you.
A hobgoblin comes into view.
You closely miss the goblin.
You kill the goblin!
The orc closely misses you.
A goblin comes into view. It is wielding a dagger.
You barely miss Robin. The orc hits you but does no damage.
You claw Robin! Robin closely misses you. The orc barely misses you.
The orc wizard closely misses you.
A goblin comes into view. It is wielding a dagger.
You claw Robin!
You kill Robin!
The orc barely misses you. The orc wizard hits you with a dagger.
* * * LOW HITPOINT WARNING * * *
A goblin comes into view. It is wielding a club.
You take 4 damage, and have 4/55 hp.
Unknown command.
You barely miss the orc wizard.
The goblin shouts!
The orc barely misses you.
You miss the orc wizard. The orc wizard closely misses you.
The orc hits you but does no damage.
You closely miss the orc wizard. The orc misses you.
The orc wizard hits you with a dagger.
* * * LOW HITPOINT WARNING * * *
The orc hits you from afar with a trident.
You die...

##.)##..####..##..######'########
.........#.....#..g.#.....#
...>.....#.....#....#.....#
.........#.....#..g.#.....#
.........#.....'.g..#.....#
.........#.....#g...#.....#
....<....#.....#go..#.....#
.........#.....#oog.#.....#
####....####..##@#..#....##
############..###################
...........'.....................
...#.......#......###############
...#.......#......#
...#.......#......#
#+##########..##'######
#.##....####[.##.##...##
'..............#.......#


You could see an orc wizard (invisible), 2 orcs, 2 hobgoblins and 4 goblins.

Vanquished Creatures
  3 ogres
  2 orc priests
  2 iguanas
  Robin (D:4)
  3 adders
  An ooze (D:1)
  A worm (D:3)
  4 dart slugs
  2 leopard geckos
  6 orcs
  7 bats
  4 giant cockroaches
  13 goblins
  11 hobgoblins
  9 jackals
  4 kobolds
  A quokka (D:3)
  2 frilled lizards
  A jackal zombie (D:4)
  5 rats (D:3)
82 creatures vanquished.

Notes
Turn   | Place    | Note
-------+----------+-------------------------------------------
     0 | D:1      | mhoghedin the Ghoul Gladiator began the quest for the Orb.
     0 | D:1      | Reached XP level 1. HP: 17/17 MP: 0/0
   372 | D:1      | Reached XP level 2. HP: 23/23 MP: 1/1
   614 | D:1      | Reached skill level 4 in Unarmed Combat
  1039 | D:2      | Reached XP level 3. HP: 28/29 MP: 2/2
  1238 | D:2      | Reached skill level 5 in Unarmed Combat
  1609 | D:3      | Reached XP level 4. HP: 16/36 MP: 3/3
  1771 | D:3      | Noticed an ogre
  1779 | D:3      | Killed an ogre
  1779 | D:3      | Reached skill level 6 in Unarmed Combat
  1779 | D:3      | Reached XP level 5. HP: 17/40 MP: 4/4
  1920 | D:3      | Reached skill level 7 in Unarmed Combat
  1994 | D:3      | Reached XP level 6. HP: 28/48 MP: 5/5
  2614 | D:4      | Reached skill level 8 in Unarmed Combat
  2716 | D:4      | Reached XP level 7. HP: 21/55 MP: 6/6
  2964 | D:4      | Noticed Robin
  2998 | D:4      | HP: 12/55 [orc/short sword (2)]
  3005 | D:4      | Killed Robin
  3005 | D:4      | HP: 4/55 [orc wizard/dagger (4)]
  3008 | D:4      | Slain by an orc

Vault maps used:
D:1:      erik_arrival_triangle_medium, minmay_misc_feat_four_crosses,
          minivault_24
D:2:      hangedman_decor_riveting
D:3:      first_ration, kennysheep_generic_room_2
D:4:      minmay_goblin_kobold_castle, uniq_robin

Skill      XL: |  1  2  3  4  5  6 |
---------------+-------------------+-----
Unarmed Combat | 4 5 6 7 8 |  8.7
Fighting       | |  2.1
Throwing       | |  1.7
Dodging        | |  2.6

Action                   |  1- 3 |  4- 6 |  7- 9 || total
-------------------------+-------+-------+-------++-------
Melee: Unarmed           |    99 |   124 |    33 ||   256
       Punch             |     1 |     1 |     1 ||     3
Evoke: Wand              |       |     5 |     2 ||     7
  Use: Scroll            |       |     9 |     1 ||    10
       Potion            |       |     4 |       ||     4
  Eat: Chunk             |     5 |    12 |     3 ||    20
       Ration            |     1 |       |       ||     1
Armor: Leather armour    |    32 |    37 |    10 ||    79
Dodge: Dodged            |    60 |    93 |    27 ||   180

Table legend:
 A = Spawn XP
 B = Non-spawn XP
 C = Spawn XP percentage of total XP
 D = Spawn monster count
 E = Non-spawn monster count
 F = Spawn count percentage of total count
 G = Total turns spent on level
                    A         B        C        D         E        F      G
               +---------+---------+-------+---------+---------+-------+---------
         Total |       0 |     714 |   0.0 |       0 |      82 |   0.0 |  3008
               +---------+---------+-------+---------+---------+-------+---------
           D:1 |       0 |      33 |   0.0 |       0 |      13 |   0.0 |  1027
           D:2 |       0 |      35 |   0.0 |       0 |      12 |   0.0 |   435
           D:3 |       0 |     281 |   0.0 |       0 |      34 |   0.0 |   791
           D:4 |       0 |     365 |   0.0 |       0 |      23 |   0.0 |   755
               +---------+---------+-------+---------+---------+-------+---------

Vault maps used:
D:1:      erik_arrival_triangle_medium, minmay_misc_feat_four_crosses,
          minivault_24
D:2:      hangedman_decor_riveting
D:3:      first_ration, kennysheep_generic_room_2
D:4:      minmay_goblin_kobold_castle, uniq_robin

Table legend:
 A = Turns spent in this place as a percentage of turns spent in the entire game.
 B = Non-inter-level travel turns spent in this place as a percentage of non-inter-level travel turns spent in the entire game.
 C = Inter-level travel turns spent in this place as a percentage of turns spent in this place.
 D = Turns resting spent in this place as a percentage of non-inter-level travel turns spent in this place.
 E = Turns spent auto-exploring this place as a percentage of non-inter-level travel turns spent in this place.
 F = Non-inter-level travel turns spent in this place divided by the number of levels of this place that you've seen.
                   A       B       C       D       E      F
               +-------+-------+-------+-------+-------+----------------------
         Total | 100.0 | 100.0 |   1.6 |  16.8 |  62.7 | 740.2
       Dungeon | 100.0 | 100.0 |   1.6 |  16.8 |  62.7 | 740.2
               +-------+-------+-------+-------+-------+----------------------

Table legend:
 A = Kills in this place as a percentage of kills in entire the game.
 B = Kills by you in this place as a percentage of kills by you in the entire game.
 C = Kills by friends in this place as a percentage of kills by friends in the entire game.
 D = Other kills in this place as a percentage of other kills in the entire game.
 E = Experience gained in this place as a percentage of experience gained in the entire game.
 F = Experience gained in this place divided by the number of levels of this place that you have seen.
                   A       B       C       D       E      F
               +-------+-------+-------+-------+-------+----------------------
         Total | 100.0 | 100.0 |   N/A |   N/A | 100.0 | 178.5
       Dungeon | 100.0 | 100.0 |   N/A |   N/A | 100.0 | 178.5
               +-------+-------+-------+-------+-------+----------------------
